 Dungeon Crawl Stone Soup version 0.27.1-33-g824d729ab1 (webtiles) character file.

Game seed: 2686778083735958274

16 JamezByez the Magician (level 2, 0/15 HPs)
             Began as a Deep Elf Hedge Wizard on Dec 9, 2021.
             Slain by an adder (1 damage)
             ... on level 2 of the Dungeon.
             The game lasted 00:07:30 (2106 turns).

JamezByez the Magician (Deep Elf Hedge Wizard)      Turns: 2106, Time: 00:07:31

Health: 0/15       AC: 11    Str:  7    XL:     2   Next: 41%
Magic:  10/10      EV:  2    Int: 20    God:
Gold:   54         SH:  0    Dex: 14    Spells: 10/11 levels left

rFire    . . .     SeeInvis .   d - +0 great sword
rCold    . . .     Faith    .   (shield currently unavailable)
rNeg     . . .     Spirit   .   f - +0 chain mail
rPois    .         Reflect  .   c - +0 hat
rElec    .         Harm     .   (no cloak)
rCorr    .         Rampage  .   (no gloves)
Will     .....                  e - +0 pair of boots
Stlth    ..........             (no amulet)
HPRegen  0.05/turn              (no ring)
MPRegen  0.12/turn              (no ring)

@: lethally poisoned (0 -> -2), flying, hasted (expiring), very quick
A: iridescent scales 1, clever 1
a: no special abilities


You were on level 2 of the Dungeon.
You visited 1 branch of the dungeon, and saw 2 of its levels.

You collected 54 gold pieces.

Inventory:

Hand Weapons
 a - a +0 dagger
 d - a +0 great sword (weapon)
Armour
 b - a +0 robe
 c - a +0 hat (worn)
 e - a +0 pair of boots (worn)
 f - a +0 chain mail (worn)
Potions
 i - a potion of heal wounds {unknown}


   Skills:
 + Level 0.3 Long Blades
 + Level 0.1 Armour
 + Level 2.5 Dodging
 + Level 2.4 Stealth
 + Level 5.1 Spellcasting
 + Level 1.2 Conjurations
 + Level 1.1 Summonings
 + Level 1.1 Translocations


You had 10 spell levels left.
You knew the following spells:

 Your Spells              Type           Power      Damage    Failure   Level
a - Magic Dart            Conj           40%        1d5       100%        1

Your spell library contained the following spells:

 Spells                   Type           Power      Damage    Failure   Level
 Blink                    Tloc           N/A        N/A       100%        2
 Call Imp                 Summ           9%         N/A       100%        2
 Slow                     Hex            5%         N/A       100%        2
 Conjure Flame            Conj/Fire      7%         6-21      100%        3
 Mephitic Cloud           Conj/Pois/Air  6%         N/A       100%        3


Dungeon Overview and Level Annotations

Branches:
Dungeon (2/15)

Altars:


Innate Abilities, Weirdness & Mutations

You are partially covered in iridescent scales. (AC +2)
Your mind is acute. (Int +2)


Message History

The hobgoblin shouts!
The bat hits you but does no damage.
The frilled lizard hisses angrily.
The bat hits you but does no damage. The bat hits you but does no damage.
Found a yellow potion.
The bat hits you but does no damage. The bat hits you.
The bat hits you but does no damage. The bat hits you but does no damage.
You hit the bat.
The bat is severely wounded.
The bat hits you but does no damage. The bat hits you.
You closely miss the bat.
The bat is severely wounded.
The bat hits you but does no damage. x2
You barely miss the bat.
The bat is severely wounded.
The bat hits you but does no damage. The adder bites you.
You are lethally poisoned!
The adder poisons you! The adder bites you but does no damage.
You closely miss the bat.
The bat is severely wounded.
You feel sick. The bat hits you but does no damage. x2
The adder bites you but does no damage.
You closely miss the bat.
The bat is severely wounded.
* * * LOW HITPOINT WARNING * * *
You feel sick. The bat hits you but does no damage. x2
The adder barely misses you.
You hit the bat but do no damage.
The bat is severely wounded.
Your extra speed is starting to run out.
* * * LOW HITPOINT WARNING * * *
You feel sick. The bat hits you.
* * * LOW HITPOINT WARNING * * *
The adder bites you but does no damage.
You barely miss the ball python.
* * * LOW HITPOINT WARNING * * *
You feel sick. The bat hits you but does no damage. The adder bites you.
You die...

#.#.#.#.##..###
....#r.S##....#
.(....#.##..#.#
..?.#.#.....# #
.l......##.##
.#.##l#S##.#
...g.g....l#
.##.###.##S#
.......grS@#
#.###.####.# #.
#! #b# . ..# .#
.#. #. .. . #
## .# .#


You could see an adder, a quokka, a hobgoblin, a bat, a ball python and a
frilled lizard.

Vanquished Creatures
  A dart slug (D:1)
  An endoplasm (D:1)
  2 giant cockroaches (D:1)
  A goblin (D:1)
  2 hobgoblins (D:1)
  A kobold (D:1)
  2 quokkas
  A bat (D:1)
  A rat (D:1)
12 creatures vanquished.

Notes
Turn   | Place    | Note
-------+----------+-------------------------------------------
     0 | D:1      | JamezByez the Deep Elf Hedge Wizard began the quest for the
                  | Orb.
     0 | D:1      | Reached XP level 1. HP: 10/10 MP: 7/7
   784 | D:1      | Gained mutation: Your mind is acute. (Int +2) [potion of
                  | mutation]
   784 | D:1      | Gained mutation: You are partially covered in iridescent
                  | scales. (AC +2) [potion of mutation]
   787 | D:1      | Reached skill level 5 in Spellcasting
   787 | D:1      | Reached XP level 2. HP: 2/15 MP: 0/10
  2106 | D:2      | Slain by an adder

Illustrated notes

Levels and vault maps discovered:
D:1:      lightli_arrival_isolated_outpost, layout_basic
D:2:      layout_loops_cross, serial_shops, nicolae_shop_crystal,
          shapermc_ecumenical_altar_mp_vishouse, minmay_diced_spiral

Skill      XL: |  1 |
---------------+----+-----
Spellcasting   | 5 |  5.1
Long Blades    | |  0.3
Armour         | |  0.1
Dodging        | |  2.5
Stealth        | |  2.4
Conjurations   | |  1.2
Summonings     | |  1.1
Translocations | |  1.1

Action                   || total
-------------------------++-------
Melee: Great sword       ||    37
 Cast: Magic Dart        ||    11
  Use: Potion            ||     4
       Scroll            ||     3
Armor: Robe              ||     3
       Chain mail        ||   132
Dodge: Dodged            ||    22
       Rpst.: Great sword ||     6
